 Dungeon Crawl Stone Soup version 0.29.1-1-gd02db6906a (webtiles) character file.

Game seed: 9646180132055788161

90 Icepheonix32 the Firebug (level 4, -1/73 HPs)
             Began as a Draconian Fire Elementalist on Sept 22, 2022.
             Slain by a water moccasin (5 damage)
             ... on level 3 of the Dungeon.
             The game lasted 00:02:19 (1992 turns).

Icepheonix32 the Firebug (DrFE)                     Turns: 1992, Time: 00:02:20

Health: -1/73      AC: 22    Str: 10    XL:     4   Next: 32%
Magic:  0/7        EV:  2    Int: 18    God:
Gold:   65         SH:  0    Dex: 11    Spells: 2/7 levels left

rFire   . . .      SeeInvis .   d - +0 spear
rCold   . . .      Faith    .   (no shield)
rNeg    . . .      Spirit   .   (body armour unavailable)
rPois   +          Reflect  .   (helmet currently unavailable)
rElec   .          Harm     .   (cloak currently unavailable)
rCorr   .          Rampage  .   (gloves currently unavailable)
Will    .....      NoTele   +   (boots currently unavailable)
Stlth   ..........              (no amulet)
HPRegen 0.22/turn               (no ring)
MPRegen 0.10/turn               (no ring)

@: berserking, lethally poisoned (-1 -> -4), tree-form, very quick
A: stationary, stasis, torment immunity, boosted hp, AC +5, unfitting armour,
(cold-blooded)
a: no special abilities


You were on level 3 of the Dungeon.
You were a tree.
You visited 1 branch of the dungeon, and saw 3 of its levels.

You collected 65 gold pieces.

Inventory:

Hand Weapons
 b - a +0 dagger
 d - a +0 spear (weapon)
Wands
 r - a wand of polymorph (13)
 t - a wand of charming (6)
Scrolls
 c - 2 scrolls of magic mapping {unknown}
 f - a scroll of brand weapon {unknown}
 h - a scroll of identify {unknown}
 l - a scroll of immolation {unknown}
 m - a scroll of butterflies {unknown}
 n - a scroll of enchant armour {unknown}
 o - a scroll of teleportation {unknown}
 p - a scroll of fear {unknown}
 s - 3 scrolls of poison {unknown}
Potions
 a - a potion of magic
 g - a potion of lignification
 j - 2 potions of curing {unknown}
 k - 2 potions of ambrosia {unknown}
 q - a potion of attraction {unknown}


   Skills:
 + Level 0.1 Short Blades
 + Level 0.5 Polearms
 + Level 2.0 Dodging
 + Level 2.0 Stealth
 + Level 2.2 Spellcasting
 + Level 1.4 Conjurations
 * Level 0.3 Summonings
 * Level 4.4 Fire Magic


You had 2 spell levels left.
You knew the following spells:

 Your Spells              Type           Power      Damage    Failure   Level
a - Foxfire               Conj/Fire      48%        2x1d6     5%          1
b - Scorch                Fire           34%        2d7       4%          2
c - Call Imp              Summ           3%         N/A       24%         2

Your spell library contained the following spells:

 Spells                   Type           Power      Damage    Failure   Level
 Magic Dart               Conj           28%        1d4       10%         1
 Conjure Flame            Conj/Fire      12%        6-21      16%         3
 Inner Flame              Hex/Fire       10%        N/A       22%         3
 Mephitic Cloud           Conj/Pois/Air  3%         N/A       41%         3
 Flame Wave               Conj/Fire      12%        2d6       47%         4


Dungeon Overview and Level Annotations

Branches:
Dungeon (3/15)

Altars:


Innate Abilities, Weirdness & Mutations

You are a tree.
Your roots penetrate the ground, keeping you stationary.
You cannot be teleported.
You are immune to unholy pain and torment.
Your maximum health is greatly increased.
Your equipment is partially melded.
((Your plain brown scales are hard. (AC +5)))
You cannot fit into any form of body armour.
((You are cold-blooded and may be slowed by cold attacks.))


Message History

The water moccasin bites you but does no damage.
Unknown command.
Casting: Foxfire (safe; 5% risk of failure)
Confirm with . or Enter, or press ? or * to list all spells.
You conjure some foxfire!
You feel very sick.
The water moccasin bites you but does no damage.
The water moccasin bites you.
* * * LOW HITPOINT WARNING * * *
You hit the water moccasin but do no damage.
The water moccasin is severely wounded.
* * * LOW HITPOINT WARNING * * *
You feel sick.
The foxfire hits the water moccasin.
The water moccasin is almost dead.
The foxfire hits the water moccasin but does no damage.
The water moccasin is almost dead.
The water moccasin barely misses you.
Unknown command.
You barely miss the water moccasin.
The water moccasin is almost dead.
* * * LOW HITPOINT WARNING * * *
You feel sick. The water moccasin bites you.
* * * LOW HITPOINT WARNING * * *
The water moccasin bites you but does no damage.
Unknown command.
It was a potion of berserk rage.
A red film seems to cover your vision as you go berserk!
You feel yourself moving faster!
You feel mighty!
* * * LOW HITPOINT WARNING * * *
You feel sick.
The water moccasin bites you but does no damage.
You barely miss the water moccasin.
The water moccasin is almost dead.
* * * LOW HITPOINT WARNING * * *
You feel sick.
The water moccasin bites you but does no damage.
You hit the water moccasin.
The water moccasin is almost dead.
The water moccasin bites you.
You die...

#.. .# . #..# ##.# .# #
##..# #..##.# #.
#...###.#... # ###.
#..#......# #.#...#
#..#.....#######
..)....##..#............
.......#........########
......S♣....)........###
.........#...)..........
.......###...........###
.##.##.###.#.........#
.. .)#...>.........# .#
####.............#
#.............#
#####...(.....#
###########


You could see a water moccasin.

Vanquished Creatures
  Jessica (D:3)
  2 adders (D:2)
  2 dart slugs (D:1)
  2 ball pythons (D:1)
  5 bats
  4 endoplasms
  3 giant cockroaches (D:1)
  3 goblins (D:1)
  7 hobgoblins
  3 quokkas
  2 frilled lizards
  3 kobolds
  A rat (D:2)
38 creatures vanquished.

Vanquished Creatures (others)
  136 foxfires
136 creatures vanquished.

Grand Total: 174 creatures vanquished

Notes
Turn   | Place    | Note
-------+----------+-------------------------------------------
     0 | D:1      | Icepheonix32 the Draconian Fire Elementalist began the
                  | quest for the Orb.
     0 | D:1      | Reached XP level 1. HP: 14/14 MP: 3/3
    90 | D:1      | Reached XP level 2. HP: 20/20 MP: 1/5
   540 | D:1      | Reached skill level 4 in Fire Magic
   583 | D:1      | Found a faded altar of an unknown god.
   810 | D:2      | Reached XP level 3. HP: 26/26 MP: 6/6
  1904 | D:3      | Learned a level 2 spell: Scorch
  1907 | D:3      | Learned a level 2 spell: Call Imp
  1966 | D:3      | Noticed Jessica
  1970 | D:3      | Killed Jessica
  1971 | D:3      | Reached XP level 4. HP: 33/33 MP: 2/7
  1973 | D:3      | Noticed a water moccasin
  1992 | D:3      | Slain by a water moccasin

Illustrated notes

Levels and vault maps discovered:
D:1:      scummos_arrival_checkerplants, layout_rooms, basic_ecumenical_altar,
          hex_intersection
D:2:      layout_loops_ring, hangedman_decor_push, chequers_arboretum,
          kennysheep_cluttered_room
D:3:      layout_rooms, st_stairs_12, kennysheep_nondescript, kennysheep_path_1,
          kennysheep_cross_room, uniq_jessica

Skill      XL: |  1  2  3 |
---------------+----------+-----
Fire Magic     | 4 |  4.4
Dodging        | 2 |  2.0
Stealth        | 2 |  2.0
Short Blades   | |  0.1
Polearms       | |  0.5
Spellcasting   | |  2.2
Conjurations   | |  1.4
Summonings     | |  0.3

Action                   |  1- 3 |  4- 6 || total
-------------------------+-------+-------++-------
Melee: Unarmed           |     7 |       ||     7
       Dagger            |     1 |       ||     1
       Spear             |    44 |    11 ||    55
       Tailslap          |     2 |     1 ||     3
       Punch             |     1 |       ||     1
 Cast: Foxfire           |    74 |     4 ||    78
  Use: Potion            |       |     3 ||     3
 Stab: Sleeping          |     4 |       ||     4
Armor: Skin              |    18 |     5 ||    23
Dodge: Dodged            |    32 |    10 ||    42
